Map: At Eternity's Edge LE

Players

Khamsin - Winner!

  • Race: Protoss Protoss

I.A. 1 (Molto difficile)

  • Race: Protoss Protoss

VOD

Have the link to the VOD?

Description

Time

  • Played on: Sept. 19, 2026, 5:09 a.m.
  • Length: 22:59
Show
View Real Time Build Order
Export as new Build Order

Khamsin Protoss - Winner!

Build Orders:  

Get SALT Encoding   

  8  0:00  Probe (Chrono Boost)  
  9  0:13  Probe (Chrono Boost)  
  10  0:18  Probe (Chrono Boost)  
  11  0:28  Probe  
  12  0:40  Probe  
  13  0:52  Pylon  
  13  1:10  Probe (Chrono Boost)  
  14  1:22  Probe (Chrono Boost), Gateway  
  15  1:29  Probe (Chrono Boost)  
  15  1:32  Assimilator  
  16  1:36  Probe  
  17  1:48  Probe  
  18  2:00  Probe  
  19  2:14  Probe  
  20  2:21  Cybernetics Core  
  20  2:26  Probe  
  20  2:27  Nexus  
  20  2:29  Pylon  
  21  2:47  Probe (Chrono Boost)  
  22  2:57  Probe (Chrono Boost), Stalker  
  25  3:02  Probe (Chrono Boost)  
  26  3:07  Warp Gate  
  26  3:14  Probe  
  27  3:24  Stalker  
  29  3:36  Pylon  
  29  3:38  Pylon  
  29  3:39  Probe x2 (Chrono Boost)  
  31  3:44  Robotics Facility  
  31  3:51  Probe x2 (Chrono Boost)  
  31  3:55  Probe (Chrono Boost)  
  33  3:57  Assimilator  
  34  4:09  Probe  
  35  4:12  Probe  
  36  4:21  Probe  
  37  4:25  Probe  
  40  4:33  Stalker  
  40  4:34  Probe  
  40  4:37  Probe  
  42  4:39  Immortal  
  46  4:46  Probe  
  46  4:49  Probe  
  48  4:58  Probe  
  49  5:00  Twilight Council  
  49  5:01  Probe  
  52  5:07  Cybernetics Core  
  52  5:14  Stalker  
  52  5:20  Pylon  
  52  5:23  Pylon  
  52  5:37  Immortal  
  52  5:39  Charge  
  52  5:42  Forge  
  56  5:44  Forge  
  56  5:49  Pylon  
  56  6:04  Shield Battery  
  56  6:14  Gateway  
  56  6:16  Gateway  
  56  6:18  Gateway, Stalker  
  56  6:22  Protoss Ground Weapons Level 1  
  56  6:23  Protoss Ground Armor Level 1  
  58  6:36  Assimilator  
  58  6:38  Probe  
  59  6:50  Probe  
  59  6:51  Stalker  
  62  7:03  Immortal  
  66  7:45  Nexus  
  66  7:49  Probe x2  
  68  8:01  Probe x2  
  68  8:02  Stalker x2  
  68  8:03  Zealot x2  
  78  8:10  Gateway  
  78  8:12  Gateway x2  
  78  8:13  Probe x2  
  80  8:21  Pylon  
  80  8:24  Pylon, Protoss Shields Level 1  
  80  8:26  Zealot  
  82  8:55  Pylon  
  82  8:57  Pylon  
  82  9:07  Gateway  
  82  9:09  Gateway  
  82  9:11  Gateway  
  82  9:24  Nexus  
  82  9:26  Zealot x2  
  82  9:27  Zealot x2  
  68  9:49  Stalker x3  
  68  9:50  Stalker  
  54  10:01  Zealot x2  
  54  10:02  Zealot  
  54  10:13  Stalker x3  
  58  10:14  Stalker  
  48  10:31  Stalker x2  
  48  10:32  Zealot  
  54  10:36  Stalker  
  54  10:37  Stalker, Zealot  
  54  10:38  Zealot x2  
  54  10:39  Stalker  
  54  10:40  Stalker  
  58  10:59  Blink  
  58  11:00  Stalker  
  58  11:01  Stalker, Zealot  
  58  11:02  Zealot x2  
  58  11:03  Zealot x3  
  74  11:04  Zealot x2  
  78  11:14  Probe (Chrono Boost)  
  79  11:24  Probe (Chrono Boost)  
  80  11:29  Probe (Chrono Boost)  
  81  11:37  Protoss Ground Weapons Level 2, Protoss Ground Armor Level 2  
  81  11:40  Probe  
  81  11:42  Zealot x3  
  81  11:43  Zealot x3  
  81  11:44  Zealot x3  
  81  11:45  Zealot  
  102  11:49  Immortal  
  102  11:52  Probe  
  107  12:03  Pylon  
  107  12:06  Pylon  
  107  12:09  Pylon  
  107  12:11  Robotics Facility  
  107  12:13  Robotics Facility  
  107  12:17  Probe  
  108  12:28  Immortal  
  108  12:29  Zealot x3, Probe  
  119  12:30  Stalker  
  119  12:31  Stalker x2, Zealot  
  119  12:32  Zealot x2  
  119  12:33  Zealot  
  133  12:41  Probe  
  118  12:53  Probe  
  119  13:05  Probe  
  119  13:08  Immortal  
  124  13:15  Pylon  
  124  13:16  Immortal x2, Pylon  
  124  13:19  Pylon  
  132  13:35  Zealot  
  132  13:36  Zealot x2  
  132  13:37  Zealot, Stalker x2  
  132  13:38  Stalker  
  132  13:39  Stalker  
  132  13:40  Zealot x2  
  152  13:55  Immortal x2  
  150  13:58  Zealot  
  150  13:59  Zealot x3  
  150  14:00  Zealot x2  
  150  14:01  Zealot, Protoss Shields Level 2  
  150  14:02  Zealot x2  
  150  14:04  Zealot  
  102  14:29  Stalker x2  
  102  14:30  Stalker, Zealot  
  102  14:31  Zealot x2  
  106  14:32  Zealot x3  
  106  14:33  Zealot  
  114  14:39  Immortal  
  114  14:40  Immortal x2  
  126  14:53  Stalker x2  
  126  14:54  Zealot x3  
  126  14:55  Zealot x2  
  126  14:56  Zealot  
  126  14:57  Zealot  
  126  14:58  Zealot  
  110  15:39  Assimilator  
  106  15:45  Stalker x3  
  106  15:46  Stalker x2  
  106  15:47  Assimilator  
  90  16:09  Probe  
  69  16:21  Probe  
  68  16:30  Stalker x2  
  68  16:31  Stalker x2  
  68  16:32  Stalker x2, Zealot  
  76  16:33  Zealot x2, Probe  
  76  16:34  Zealot  
  85  16:45  Probe  
  86  16:47  Assimilator  
  86  16:57  Probe  
  87  17:07  Zealot  
  87  17:08  Zealot x2  
  93  17:09  Stalker x2  
  93  17:10  Zealot x3  
  93  17:11  Assimilator, Zealot  
  93  17:12  Zealot  
  107  17:18  Immortal  
  107  17:19  Immortal x2  
  93  17:53  Zealot  
  93  17:54  Zealot x3  
  93  17:55  Zealot x4  
  93  17:56  Zealot x2  
  103  18:16  Stalker  
  103  18:17  Stalker x3  
  103  18:18  Zealot x3  
  103  18:19  Zealot x3  
  119  18:25  Immortal x3  
  113  19:04  Immortal x3  
  113  19:08  Zealot x3  
  113  19:09  Stalker x4  
  139  19:10  Stalker x2  
  139  19:11  Stalker  
  145  19:33  Zealot x2  
  145  19:34  Zealot x3  
  145  19:35  Zealot x4  
  145  19:36  Zealot  
  165  19:43  Pylon  
  165  19:44  Pylon  
  165  19:46  Pylon  
  163  20:33  Zealot  
  163  20:34  Zealot x2, Stalker  
  163  20:35  Stalker x2  
  173  20:36  Stalker x2, Nexus  
  173  20:39  Immortal  
  183  20:43  Stalker  
  185  21:30  Zealot x2  
  185  21:31  Zealot x3  
  195  21:43  Pylon  
Show
View Real Time Build Order
Export as new Build Order

I.A. 1 (Molto difficile) Protoss 

Build Orders:  

Get SALT Encoding   

  8  0:00  Probe  
  9  0:13  Probe  
  10  0:25  Probe  
  11  0:37  Probe  
  12  0:47  Pylon  
  12  0:49  Probe  
  13  1:01  Probe  
  13  1:09  Gateway, Probe  
  15  1:19  Probe  
  16  1:31  Probe  
  17  1:42  Nexus  
  17  1:44  Probe  
  18  1:53  Zealot  
  18  2:00  Pylon  
  20  2:05  Assimilator  
  20  2:15  Probe, Cybernetics Core  
  21  2:28  Probe  
  22  2:38  Gateway  
  22  2:40  Probe  
  22  2:43  Pylon  
  23  2:45  Stalker  
  23  2:53  Assimilator  
  25  3:04  Probe  
  25  3:10  Probe, Stalker  
  29  3:13  Probe  
  30  3:22  Probe x2  
  30  3:25  Warp Gate  
  32  3:34  Probe x2  
  33  3:41  Zealot  
  34  3:42  Gateway  
  34  3:46  Probe  
  37  3:49  Probe  
  38  3:59  Stalker  
  40  4:03  Stalker  
  40  4:10  Pylon  
  42  4:26  Assimilator, Sentry  
  42  4:30  Assimilator  
  44  4:34  Adept  
  44  4:35  Probe  
  44  4:37  Probe  
  48  4:46  Pylon  
  48  4:47  Probe  
  48  4:49  Probe  
  48  4:52  Robotics Facility  
  50  4:59  Probe  
  51  5:01  Probe  
  52  5:11  Probe x2  
  54  5:20  Pylon  
  54  5:23  Forge, Probe  
  54  5:27  Probe  
  56  5:35  Probe  
  56  5:40  Probe  
  56  5:41  Immortal  
  62  5:47  Probe  
  63  5:52  Probe  
  63  5:53  Zealot  
  66  5:57  Protoss Ground Armor Level 1, Probe  
  66  5:59  Pylon  
  66  6:04  Probe  
  68  6:05  Probe  
  68  6:06  Zealot  
  71  6:14  Probe  
  72  6:19  Probe, Zealot  
  72  6:21  Pylon  
  72  6:22  Probe  
  75  6:32  Stalker  
  78  6:39  Probe x2  
  80  6:45  Stalker, Pylon  
  80  6:46  Twilight Council  
  82  6:51  Probe  
  82  6:52  Probe  
  84  6:57  Stalker  
  86  7:09  Pylon  
  86  7:10  Stalker  
  88  7:19  Photon Cannon  
  88  7:23  Photon Cannon, Sentry  
  88  7:24  Blink  
  88  7:27  Observer  
  91  7:34  Pylon  
  91  7:35  Pylon  
  91  7:36  Adept  
  93  7:38  Stargate  
  93  7:40  Protoss Ground Weapons Level 1  
  93  7:42  Forge  
  93  7:44  Observer  
  94  8:02  Photon Cannon  
  94  8:03  Immortal  
  94  8:04  Photon Cannon  
  97  8:40  Immortal  
  101  9:00  Immortal  
  101  9:07  Warp Prism  
  101  9:08  Protoss Ground Armor Level 2  
  101  9:18  Protoss Air Weapons Level 1  
  101  9:22  Gateway  
  103  9:27  Robotics Bay  
  103  9:28  Nexus  
  103  9:29  Robotics Facility  
  103  9:34  Stalker, Stargate  
  103  9:37  Pylon  
  103  9:38  Warp Prism  
  97  9:39  Zealot  
  97  9:41  Protoss Shields Level 1  
  97  9:44  Sentry  
  89  9:56  Zealot  
  87  10:02  Stalker  
  87  10:05  Gravitic Boosters  
  87  10:07  Zealot  
  87  10:13  Sentry, Warp Prism  
  93  10:15  Gateway  
  93  10:16  Observer  
  93  10:18  Zealot  
  94  10:22  Templar Archives  
  94  10:23  Stalker  
  96  10:29  Stalker  
  98  10:35  Stalker  
  98  10:36  Stargate  
  98  10:40  Probe x2  
  98  10:41  Probe  
  103  10:44  Stalker  
  103  10:48  Assimilator  
  103  10:49  Stalker  
  103  10:52  Gravitic Drive, Probe  
  103  10:54  Probe x2, Immortal  
  103  10:56  Pylon  
  102  10:58  Pylon  
  102  11:00  Assimilator  
  102  11:04  Probe  
  103  11:12  Dark Shrine  
  103  11:13  Protoss Ground Weapons Level 2  
  103  11:17  Protoss Air Armor Level 1  
  103  11:19  Photon Cannon  
  103  11:21  Photon Cannon  
  103  11:31  Fleet Beacon  
  103  11:37  Protoss Shields Level 2  
  103  12:24  Nexus  
  103  12:32  Adept  
  103  12:35  Colossus  
  111  12:41  Carrier  
  109  12:45  Adept  
  109  12:49  Colossus  
  109  12:50  Carrier  
  97  12:58  Zealot  
  97  13:02  Sentry  
  101  13:07  Zealot  
  101  13:11  Stalker  
  105  13:15  Zealot  
  107  13:20  Stalker, Immortal  
  109  13:29  Zealot, Extended Thermal Lance  
  109  13:33  Stalker  
  117  13:37  Stalker  
  117  13:41  Protoss Ground Weapons Level 3  
  119  13:42  Stalker  
  119  13:46  Stalker  
  123  13:50  Pylon  
  123  13:51  Sentry  
  123  13:52  Protoss Ground Armor Level 3, Pylon  
  123  13:53  Assimilator  
  123  13:55  Stalker  
  119  13:56  Assimilator  
  119  14:00  Zealot  
  99  14:04  Sentry  
  99  14:08  Zealot  
  103  14:13  Stalker  
  103  14:16  Void Ray  
  103  14:17  Stalker  
  103  14:22  Sentry, Void Ray  
  95  14:25  Void Ray  
  95  14:29  Zealot  
  89  14:34  Zealot  
  82  14:38  Zealot  
  82  14:42  Sentry  
  84  14:47  Adept  
  84  14:51  Assimilator, Immortal  
  85  14:55  Zealot  
  85  14:58  Zealot, Void Ray  
  83  15:04  Zealot  
  83  15:05  Zealot  
  83  15:09  Stalker  
  77  15:18  Zealot  
  79  15:21  Zealot  
  79  15:26  Stalker  
  79  15:28  Void Ray  
  81  15:31  Probe  
  81  15:32  Stalker  
  81  15:34  Probe  
  85  15:41  Stalker  
  85  15:45  Sentry  
  85  15:49  Adept  
  89  15:58  Stalker  
  89  16:02  Stalker  
  89  16:03  Nexus  
  85  16:07  Disruptor  
  73  16:11  Assimilator  
  73  16:14  Zealot  
  73  16:16  Assimilator  
  67  16:19  Zealot  
  67  16:25  Stalker  
  69  16:30  Stalker  
  71  16:35  Stalker  
  71  16:38  Probe x2  
  74  16:43  Probe  
  74  16:45  Sentry  
  78  16:49  Adept  
  80  16:57  Disruptor  
  80  17:00  Immortal  
  88  17:16  Tempest  
  88  17:22  Zealot  
  94  17:29  Stalker  
  90  17:33  Zealot  
  78  17:38  Zealot  
  78  17:42  Stalker  
  66  17:47  Zealot  
  66  17:49  Disruptor  
  62  17:57  Stalker  
  66  18:01  Zealot  
  62  18:06  Stalker  
  62  18:11  Stalker  
  66  18:17  Stalker  
  68  18:22  Zealot  
  58  18:29  Stalker  
  56  18:36  Stalker  
  52  18:42  Stalker  
  52  18:48  Stalker  
  50  18:54  Stalker  
  47  19:00  Stalker  
  45  19:06  Stalker  
  39  19:18  Stalker  
  33  19:40  Nexus  
  33  20:06  Zealot  
  35  20:13  Cybernetics Core  
  33  20:16  Probe  
  33  20:19  Probe  
  33  20:21  Zealot  
  33  20:25  Probe  
  35  20:33  Probe  
  37  20:41  Zealot  
  39  20:45  Gateway  
  39  20:51  Probe  
  39  20:53  Probe  
  39  20:55  Probe  
  42  20:59  Zealot  
  42  21:05  Probe  
  42  21:09  Probe  
  41  21:13  Probe  
  43  21:23  Probe  
  39  21:27  Probe  
  29  21:36  Zealot  
  28  21:58  Nexus  
  28  22:00  Pylon  
  19  22:17  Pylon  
  15  22:32  Pylon  
  15  22:34  Probe  
  15  22:41  Gateway  
Tags
 
Add a new tag
Caveats
  • Supply blocks, unpowered buildings, or Contaminate may cause inaccurate times.
  • Supply counts are checked every 10 seconds.